cohdb
Replays
Latest Replays
All Replays
Popular Replays
Top Player Replays
Match Explorer
How It Works
Community
CoH3 Stats
Reddit
Sign in to upload your games and track your stats! →
Sign in with Steam
Match 41588214
Unlisted
Match 41588214
Overview
Messages
Build Orders
End
Engineer Squad
Construct Barracks
Selects Armored Battlegroup
1⁄4-ton 4x4 Truck
Riflemen Squad
Riflemen Squad
Scout Squad
Grenade Package
Mechanized Support Center
Construct Motor Pool
M8 Greyhound Armored Car
Mortar Pit
Selects Veteran Crews
Selects M31 Recovery Vehicle
Improvised Armor
Designate Forward Repair Station
M8 Greyhound Armored Car
M1 Anti-tank Gun Team
Salvage Crew
Construct Medical Station
Selects War Machine
Riflemen Squad
Riflemen Squad
M16 Multiple Gun Motor Carriage
M1 Mortar Team
Rapid Repairs
Designate Forward Repair Station
M1918 Browning Automatic Rifles
Riflemen Squad
Selects Strength in Steel
Selects M8 Scott SPG
Selects UNKNOWN (2160077)
Engineer Squad
帕鲁与邦布
CannonFodder
Беашел
Fank
我真的不是驴
沐雨轻然
NO.2
Lord Curzon
0
0
Comments
sign in to comment!
No comments posted yet!